 Dungeon Crawl Stone Soup version 0.28-a0-1382-g92835e5c71 (webtiles) character file.

Game seed: 15659224266386458422

979 Deminshera the Cudgeller (level 8, -4/46 HPs)
             Began as a Kobold Brigand on Jan 1, 2022.
             Was a Follower of Uskayaw.
             Slain by Duvessa (10 damage)
             ... on level 5 of the Dungeon.
             The game lasted 00:05:12 (5624 turns).

Deminshera the Cudgeller (Kobold Brigand)           Turns: 5624, Time: 00:05:13

Health: -4/46      AC:  4    Str: 10    XL:     8   Next: 40%
Magic:  8/8        EV: 14    Int: 12    God:    Uskayaw [*.....]
Gold:   198        SH:  0    Dex: 14    Spells: 7/7 levels left

rFire   . . .      SeeInvis +   o - +11 whip of the Six Invaders {flame, rPois Dex-3 SInv}
rCold   . . .      Faith    +   (no shield)
rNeg    . . .      Spirit   .   u - +0 leather armour
rPois   +          Reflect  .   (no helmet)
rElec   .          Harm     .   e - +0 cloak
rCorr   .          Rampage  .   (no gloves)
Will    .....                   (no boots)
Stlth   ++++......              t - amulet of faith
HPRegen 0.15/turn               (no ring)
MPRegen 0.11/turn               (no ring)

@: no status effects
A: small, no large weapons, nightstalker 3
a: Renounce Religion, Stomp


You were on level 5 of the Dungeon.
You worshipped Uskayaw.
Uskayaw was noncommittal.
You visited 2 branches of the dungeon, and saw 6 of its levels.

You collected 198 gold pieces.

Inventory:

Hand Weapons
 a - a +2 dagger
 o - the +11 whip of the Six Invaders (weapon) {flame, rPois Dex-3 SInv}
   (You found it on level 3 of the Dungeon)

   It burns those it strikes, dealing additional fire damage.
   Dex:       It affects your dexterity (-3).
   rPois:     It protects you from poison.
   SInv:      It lets you see invisible.
Missiles
 c - 2 curare-tipped darts (quivered)
 d - 50 poisoned darts
Armour
 e - a +0 cloak (worn)
 u - a +0 leather armour (worn)
Jewellery
 b - a ring of protection from cold
 t - an amulet of faith (around neck)
Scrolls
 f - 3 scrolls of identify {unknown}
 g - a scroll of torment {unknown}
 q - a scroll of teleportation {unknown}
 s - a scroll of brand weapon {unknown}
 v - a scroll of enchant armour {unknown}
Potions
 h - 2 potions of haste
 i - a potion of heal wounds {unknown}
 j - a potion of berserk rage {unknown}
 k - a potion of resistance {unknown}
 l - a potion of cancellation {unknown}
 m - 2 potions of attraction {unknown}
 n - a potion of might {unknown}
 p - a potion of magic {unknown}
 r - a potion of brilliance {unknown}


   Skills:
 + Level 3.5 Fighting
 + Level 4.2 Short Blades
 - Level 6.5 Maces & Flails
 - Level 3.0 Throwing
 + Level 3.1 Dodging
 + Level 6.4 Stealth
 + Level 0.5 Invocations


You had 7 spell levels left.
You didn't know any spells.
Your spell library contained the following spells:

 Spells                   Type           Power      Damage    Failure   Level
 Sandblast                Erth           0%         2d4       41%         1
 Passwall                 Tmut/Erth      0%         N/A       56%         2
 Scorch                   Fire           0%         2d5       56%         2
 Gell's Gravitas          Tloc           0%         N/A       80%         3
 Stone Arrow              Conj/Erth      0%         3d7       80%         3
 Teleport Other           Tloc           0%         N/A       80%         3
 Flame Wave               Conj/Fire      0%         2d4       99%         4
 Dispersal                Tloc           0%         N/A       100%        6
 Summon Cactus Giant      Summ           0%         N/A       100%        6
 Borgnjor's Revivificati  Necr           0%         N/A       100%        8
 Necromutation            Tmut/Necr      0%         N/A       100%        8
 Death's Door             Necr           0%         N/A       100%        9


Dungeon Overview and Level Annotations

Branches:
Dungeon (5/15)             Temple (1/1) D:4

Altars:
Cheibriados
Dithmenos
Elyvilon
Fedhas
Kikubaaqudgha
Makhleb
Nemelex Xobeh
Okawaru
Sif Muna
Trog
Uskayaw
Wu Jian
Yredelemnul
Zin
The Shining One

Annotations:
D:5 Dowan, Duvessa


Innate Abilities, Weirdness & Mutations

You are small and have problems with some larger weapons.
You are completely attuned to the shadows.


Message History

You whack the phantom! You burn the phantom.
You destroy the phantom!
No target in view!
You start resting.
HP restored.
Key pressed, stopping explore.
You start waiting.
Done waiting.
You now have 198 gold pieces (gained 12).
Found a stone staircase leading down.
No target in view!
Duvessa, Sister of Dowan comes into view.
She is wielding a +3 short sword of electrocution.
Dowan, Brother of Duvessa comes into view.
He is wielding a +0 dagger.
There are monsters nearby!
The helpless Duvessa fails to defend herself.
You hit Duvessa. You burn Duvessa.
Duvessa is lightly wounded.
Duvessa hits you with a +3 short sword of electrocution.
You are electrocuted!
You closely miss Duvessa.
Duvessa is lightly wounded.
Duvessa hits you with a +3 short sword of electrocution.
Duvessa barely misses you.
Dowan shouts!
You hear a shout!
Duvessa hits you with a +3 short sword of electrocution!
* * * LOW HITPOINT WARNING * * *
Dowan points at you and mumbles some strange words.
The puff of flame hits you!
* * * LOW HITPOINT WARNING * * *
Dowan drinks a potion.
Dowan seems to speed up.
Found 21 gold pieces.
Dowan casts a spell at Duvessa.
Duvessa seems to speed up.
Dowan gestures wildly while chanting.
Dowan blinks!
You see here 32 bolts.
Duvessa gestures with her weapon.
Duvessa hits you with a +3 short sword of electrocution!
You die...

###....##...##...##.###....
##....#..#.#..## .# ##...
##.....##.#.## .###...
##.##.##.....## ....#...
#..#.#........###.......
#...............##...... ..
##...#.........##....... #...
##..##........(...#.....
#...###.....e@...<##....###...
.....#.....(....#####.#####...
.................# #.###.....
......##..........###.........
..............................
##....§.###..$......#.........
#.......# .... ...#.........
##......# .# .# ##†.......
#...##.># #........


You could see Duvessa (fast).

Vanquished Creatures
  Sigmund (D:3)
  A black bear (D:4)
  A necrophage (D:5)
  An ogre (D:4)
  A phantom (D:5)
  A scorpion (D:5)
  A water moccasin zombie (D:5)
  A jelly (D:5)
  Crazy Yiuf (D:2)
  An orc priest (D:4)
  Terence (D:3)
  Jessica (D:2)
  An iguana (D:4)
  4 gnolls (D:4)
  7 adders
  2 ufetubi
  2 worms
  2 dart slugs
  5 orcs (D:4)
  9 ball pythons
  10 endoplasms
  A giant cockroach (D:4)
  6 goblins
  9 hobgoblins
  5 jackals
  3 quokkas
  8 bats
  6 frilled lizards
  3 kobolds
  4 rats
99 creatures vanquished.

Notes
Turn   | Place    | Note
-------+----------+-------------------------------------------
     0 | D:1      | Deminshera the Kobold Brigand began the quest for the Orb.
     0 | D:1      | Reached XP level 1. HP: 12/12 MP: 1/1
   405 | D:1      | Reached XP level 2. HP: 18/18 MP: 2/2
   591 | D:1      | Reached XP level 3. HP: 22/22 MP: 3/3
  1175 | D:2      | Reached XP level 4. HP: 27/27 MP: 4/4
  1184 | D:2      | Noticed Jessica
  1189 | D:2      | Killed Jessica
  1470 | D:2      | Found a faded altar of an unknown god.
  2001 | D:2      | Found a runed translucent door.
  2004 | D:2      | Noticed Crazy Yiuf
  2250 | D:2      | Killed Crazy Yiuf
  2251 | D:2      | Reached XP level 5. HP: 32/32 MP: 5/5
  2443 | D:3      | Noticed Terence
  2461 | D:3      | Killed Terence
  2851 | D:3      | Identified the +11 whip of the Six Invaders {flame, rPois
                  | Dex-3 SInv}
  3064 | D:3      | Noticed Sigmund
  3073 | D:3      | Killed Sigmund
  3074 | D:3      | Reached XP level 6. HP: 22/37 MP: 6/6
  3596 | D:4      | Reached XP level 7. HP: 15/41 MP: 7/7
  4282 | D:4      | Reached skill level 5 in Maces & Flails
  4318 | D:4      | Found a staircase to the Ecumenical Temple.
  4346 | Temple   | Entered the Ecumenical Temple
  4565 | Temple   | Became a worshipper of Uskayaw the Reveller
  4618 | D:4      | Reached * piety under Uskayaw
  4708 | D:4      | Reached ** piety under Uskayaw
  4711 | D:4      | Reached *** piety under Uskayaw
  4965 | D:4      | Found a glowing silver altar of Zin.
  4967 | D:4      | Found a basalt altar of Yredelemnul.
  4968 | D:4      | Found a shadowy altar of Dithmenos.
  4971 | D:4      | Found a burning altar of Makhleb.
  5046 | D:4      | Found a white marble altar of Elyvilon.
  5051 | D:4      | Found a glowing golden altar of the Shining One.
  5206 | D:5      | Entered Level 5 of the Dungeon
  5242 | D:5      | Reached XP level 8. HP: 46/46 MP: 8/8
  5243 | D:5      | Reached **** piety under Uskayaw
  5605 | D:5      | Noticed Duvessa
  5606 | D:5      | Noticed Dowan
  5624 | D:5      | Slain by Duvessa

Illustrated notes

Levels and vault maps discovered:
D:1:      psy_arrival_spokes, layout_basic, minmay_misc_feat_five,
          minmay_surrounded
D:2:      layout_basic, chequers_ecumenical_altar_simple_redux, uniq_jessica,
          uniq_crazy_yiuf_cottage
D:3:      layout_rooms, uniq_sigmund, uniq_terence
D:4:      nicolae_BIG_FREAKIN_CUBE, layout_basic, minitemple,
          amethyst_overflow_temple_binary, minmay_temple_entry_wispy
D:5:      layout_cave_pools, kennysheep_little_box,
          mainiacjoe_overflow_catch_the_wave, uniq_eustachio, uniq_duvessa
Temple:   grunt_temple_mini_profane

Skill      XL: |  1  2  3  4  5  6  7  8 |
---------------+-------------------------+-----
Short Blades   | 3 4 |  4.2
Dodging        | 2 3 |  3.1
Fighting       | 3 |  3.5
Throwing       | 3 |  3.0
Stealth        | 6 |  6.4
Maces & Flails | 3 5 6 |  6.5
Invocations    | |  0.5

Action                   |  1- 3 |  4- 6 |  7- 9 || total
-------------------------+-------+-------+-------++-------
Melee: Dagger            |    60 |    45 |       ||   105
       Whip              |       |    23 |    58 ||    81
Throw: Dart              |       |    11 |       ||    11
 Stab: Sleeping          |    20 |    17 |    11 ||    48
       Distracted        |       |       |     1 ||     1
       Paralysed         |       |       |     1 ||     1
Armor: Robe              |     7 |     7 |     3 ||    17
       Leather armour    |       |       |     3 ||     3
Dodge: Dodged            |    17 |    30 |    24 ||    71

Table legend: (Time is in decaauts)
 A = Elapsed time spent in this place.
 B = Non-inter-level travel time spent in this place.
 C = Inter-level travel time spent in this place.
 D = Time resting spent in this place.
 E = Time spent auto-exploring this place.
 F = Levels seen in this place.
 G = Mean time per level.
                   A        B        C        D        E       F      G
               +--------+--------+--------+--------+--------+-----+--------+
         Total |   5595 |   5452 |    143 |   1198 |   3619 |   6 |  932.5 |
       Dungeon |   5364 |   5242 |    122 |   1198 |   3412 |   5 | 1072.8 |
        Temple |    231 |    210 |     21 |      0 |    207 |   1 |  231.0 |
               +--------+--------+--------+--------+--------+-----+--------+

Top non-repeatable levels by time:
     D:4: 1447 daAuts
     D:2: 1368 daAuts
     D:3: 1184 daAuts
     D:1: 949 daAuts
     D:5: 413 daAuts
  Temple: 231 daAuts
